 BcadrenCrawl: Boulder Brew version 0.05.31-16-g17090fb0d7 (webtiles) character file.

Game seed: 11587313611115678064, levelgen mode: deterministic

466 diana the Changer (level 6, -1/42 HPs) Oozomorph Transmuter. Began on Sept 25, 2021. Killed by nerve-wracking pain ... invoked by a shadow imp (8 damage) ... on level 2 of the Dungeon. The game lasted 00:06:03 (2446 turns).

diana the Changer (Oozomorph Transmuter)            Turns: 2446, Time: 00:06:04

Health: -1/42      AC:  5    Str: 12    XL:     6 ^: 67
Magic:  11/11      EV: 13    Int: 14    God:
Gold:   136        SH:  0    Dex: 13    Spells: 7/11 levels left

rFire    . . .     Vision   .     - Unarmed
rCold    . . .     Gourm    .     - Unarmed
rNeg     . . .     Faith    .   a - +0 robe
rCorr    + + +     Spirit   .   b - +2 cloak
rPois    .         Reflect  .   (no armour)
rElec    .         Harm     .   (no armour)
MR       .....                  (no armour)
Stlth    +.........             (no armour)
HPRegen  0.24/turn              (nothing subsumed)
MPRegen  0.21/turn              (no amulet)
                                (no ring)
                                (no ring)

@: no status effects
A: cytoplasmic subsumption, amorphous body, gelatinous body 1
a: Subsume Item


You were on level 2 of the Dungeon.
You were not hungry.

You visited 1 branch of the dungeon, and saw 3 of its levels.

You collected 136 gold pieces.

Inventory:

Armour
 a - a +0 robe (worn)
 b - a +2 cloak (worn)
Wands
 e - a wand of hasting (3)
Potions
 d - 2 potions of haste
 g - a potion of invisibility
 h - 2 potions of ambrosia
Comestibles
 c - 7 rations


   Skills:
 + Level 3.5 Fighting
 + Level 3.0 Dodging
 + Level 4.3 Unarmed Combat
 + Level 3.4 Spellcasting
 + Level 4.9 Transmutations


You had 7 spell levels left.
You knew the following spells:

 Your Spells              Type           Power        Failure   Level  Hunger
a - Beastly Appendage Tmut 16 (50) 2% 1 0-12 b - Scorpion Form Tmut/Pois      9 (200)      22%         3    72-132

Your spell library contained the following spells:

 Spells                   Type           Power        Failure   Level  Hunger
 Sticks to Snakes Tmut 16 (100) 4% 2 32-72 Snakes to Sticks Hex/Tmut 9 (100) 22% 3 72-132 Ice Form Ice/Tmut 9 (100) 58% 4 152-252 Blade Hands Tmut           16 (200)     58%         5    272-432


Dungeon Overview and Level Annotations

Branches:
Dungeon (3/8)

Altars:
Okawaru


Innate Abilities, Weirdness & Mutations

You may subsume any weapon, armour, or jewellery into your cytoplasm to benefit from its magical properties.
Your body is completely amorphous, allowing you to wear any combination of armour.
You have seven amorphous slots; replacing the normal gear slots.
Body armours and bardings take two slots, all other armours take one.
Your gelatinous form is immune to acid, constriction and sticky flames. (rCorr+, Slime)


Message History

You barely miss something. x2; Something hits you (1).
You closely miss something. x2
Something blocks your attack.
You hit something but do no damage. Something hits you but does no damage.
You closely miss something. You hit something but do no damage.
You closely miss something. You hit something but do no damage.
Something hits you (5).
You hit something but do no damage. x2
You barely miss something. You hit something but do no damage.
Something hits you (5).
You hit something but do no damage. You barely miss something.
You hit something but do no damage. You barely miss something.
Something hits you (6).
* * * LOW HITPOINT WARNING * * *
You hit something but do no damage. You hit something (2).
You closely miss something. You barely miss something. Something hits you (6).
* * * LOW HITPOINT WARNING * * *
You eat one of the 8 rations.
That ration really hit the spot!
Pain shoots through your body (8)!
You die...

.≈≈≈≈≈≈≈≈≈≈≈≈≈≈.≈≈≈≈≈≈≈≈.≈≈≈≈≈≈.≈
.≈≈.≈≈≈≈≈≈≈≈≈≈≈.≈≈≈≈≈≈≈≈≈≈≈≈≈..≈≈
.....≈≈≈≈≈≈≈≈≈b≈≈≈≈≈≈≈≈PP≈≈≈..≈≈≈
.≈≈.P≈≈≈≈≈≈≈≈≈≈≈≈≈≈≈≈≈≈≈≈≈≈≈.≈≈≈≈
≈≈≈≈P≈≈≈≈≈b≈≈;;≈≈≈≈≈.≈≈≈≈≈...≈≈≈≈
P≈≈<≈≈≈≈≈.≈≈≈≈≈b≈≈≈...≈≈≈..≈..≈≈≈
P≈..≈≈≈≈≈≈b≈≈≈≈≈≈≈.≈≈..;..≈P≈.≈≈≈
PP.≈≈≈≈≈.≈≈≈≈≈≈≈≈{.≈≈≈.;.≈PP≈.≈≈≈
P≈....≈.≈≈≈≈≈≈..@†≈≈≈≈.......≈≈≈≈
##############.≈≈≈≈≈≈≈.########≈#
##≈≈≈≈≈...#≈## #.≈# #≈≈≈P≈≈≈>#≈.#
#≈.≈ #≈≈≈≈P≈≈.>..# ###.
###≈≈≈≈≈≈≈...## #≈..
#≈.≈≈≈≈≈≈≈..## ##..#
#.#≈≈≈≈≈≈≈...####...#
#####≈≈≈≈≈≈≈..##..#...#


You could see 4 neutral submerged slimeheads (passive).

Vanquished Creatures
  2 big kobolds (D:2)
  2 jellies (D:2)
  2 giant cockroaches (D:1)
  2 adders (D:2)
  12 sewer rats (D:2)
  A worm (D:2)
  7 cinder newts
  An ooze (D:2)
  A dart slug (D:1)
  2 leopard geckos
  An adder skeleton (D:2)
  5 bats (D:1)
  5 goblins (D:1)
  6 hobgoblins (D:1)
  12 kobolds
  5 ball pythons
  A hobgoblin skeleton (D:2)
  A kobold skeleton (D:2)
  4 rats (D:1)
  9 withered plants (D:2)
81 creatures vanquished.

Vanquished Creatures (others)
  94 withered plants (D:2)
94 creatures vanquished.

Grand Total: 175 creatures vanquished

Notes
Turn   | Place    | Note
-------+----------+-------------------------------------------
     0 | D:1      | diana the Oozomorph Transmuter began the quest for the Orb.
     0 | D:1      | Reached XP level 1. HP: 13/13 MP: 3/3
   109 | D:1      | Reached XP level 2. HP: 15/18 MP: 5/5
   301 | D:1      | Reached XP level 3. HP: 24/24 MP: 6/6
   371 | D:1      | Identified the cursed ring of the Fool {rElec rC+ Str+7
                  | Int+5 Stlth+, (Curse: Fragile)}
   421 | D:1      | Reached XP level 4. HP: 29/29 MP: 7/7
   697 | D:2      | Noticed a big kobold
   713 | D:2      | Killed a big kobold
   713 | D:2      | Reached XP level 5. HP: 32/35 MP: 6/9
  1261 | D:2      | Reached XP level 6. HP: 31/42 MP: 10/10
  1284 | D:2      | Learned a level 3 spell: Scorpion Form
  1586 | D:2      | Found an iron altar of Okawaru.
  2446 | D:2      | Killed from afar by a shadow imp

Levels and vault maps discovered:
D:1:      onia_arrival_pyramid, layout_basic
D:2:      layout_sewer, kennysheep_mini_moat, first_ration
D:3:      layout_cave_pools, bcadren_nooodl_food_pyramid

Skill      XL: |  1  2  3  4  5  6 |
---------------+-------------------+-----
Transmutations | 3 4 |  4.9
Dodging        | 2 3 |  3.0
Fighting       | 2 3 |  3.5
Spellcasting   | 3 |  3.4
Unarmed Combat | 4 |  4.3

Action                   |  1- 3 |  4- 6 || total
-------------------------+-------+-------++-------
Melee: Unarmed           |   148 |   681 ||   829
       Headbutt          |       |     4 ||     4
       Kick              |       |    22 ||    22
 Cast: Beastly Appendage |       |     7 ||     7
       Scorpion Form     |       |     1 ||     1
 Stab: Sleeping          |       |     1 ||     1
  Eat: Chunk             |       |     5 ||     5
       Ration            |       |     1 ||     1
Armor: Skin              |     6 |    46 ||    52
Dodge: Dodged            |    44 |   201 ||   245
